 Dungeon Crawl Stone Soup version 0.20.1-1-g8b1a95d (webtiles) character file.

55 Azuregosa the Magician (level 3, 0/21 HPs)
             Began as an Octopode Wizard on Aug 12, 2017.
             Succumbed to an adder's poison
             ... on level 2 of the Dungeon.
             The game lasted 00:13:26 (1283 turns).

Azuregosa the Magician (Octopode Wizard)            Turns: 1283, Time: 00:13:27

Health: 0/21       AC:  1    Str: 10 (11) XL:     3   Next: 93%
Magic:  1/8        EV: 13    Int: 19 (21) God:
Gold:   95         SH:  0    Dex:  8 (10) Spells: 2/9 levels left

rFire    . . .     SeeInvis .   e - +0 hunting sling
rCold    . . .     Gourm    .   (no shield)
rNeg     + . .     Faith    .   a - +0 hat
rPois    .         Spirit   .   (no amulet)
rElec    .         Reflect  .   n - ring of positive energy
rCorr    .         Harm     .   (no ring)
MR       .....                  (no ring)
Stlth    +++.......             (no ring)
Regen    0.1/turn               (no ring)
MPRegen  0.2/turn               (no ring)
                                (no ring)
                                (no ring)

@: mighty, lethally poisoned (0 -> -4)
A: almost no armour, stealthy swim, amphibious, 8 rings, constrict 8, camouflage
1, gelatinous body 1
a: no special abilities


You were on level 2 of the Dungeon.
You were not hungry.

You visited 1 branch of the dungeon, and saw 3 of its levels.

You collected 95 gold pieces.

Inventory:

Hand Weapons
 d - a +3 short sword
 e - a +0 hunting sling (weapon)
 k - a cursed -2 dagger
Missiles
 i - 17 stones (quivered)
Armour
 a - a +0 hat (worn)
Jewellery
 n - a ring of positive energy (left tentacle)
Scrolls
 f - 3 scrolls of identify {unknown}
 h - 2 scrolls of teleportation {unknown}
 o - a scroll of remove curse {unknown}
Potions
 m - 2 potions of degeneration
Books
 b - a book of Minor Magic

   Spells                             Type                      Level
   a - Magic Dart                     Conjuration                  1
   b - Blink                          Translocation                2
   c - Call Imp                       Summoning                    2
   d - Slow                           Hexes                        2
   e - Conjure Flame                  Conjuration/Fire             3
   f - Mephitic Cloud                 Conjuration/Poison/Air       3
Comestibles
 c - 2 bread rations
 j - 12 chunks of flesh
 l - a royal jelly


   Skills:
 + Level 2.4 Dodging
 + Level 3.0 Stealth
 + Level 3.8 Spellcasting
 + Level 1.8 Conjurations
   Level 1.0 Summonings
   Level 1.0 Translocations


You had 2 spell levels left.
You knew the following spells:

 Your Spells              Type           Power        Failure   Level  Hunger
a - Magic Dart            Conj           ##..         7%          1    None
b - Mephitic Cloud        Conj/Pois/Air  #.......     32%         3    ###....
c - Conjure Flame         Conj/Fire      #.......     28%         3    ###....


Dungeon Overview and Level Annotations

Branches:
Dungeon (3/15)

Altars:


Innate Abilities, Weirdness & Mutations

You cannot wear most types of armour.
You are very stealthy in the water. (Stealth+)
You are amphibious.
You can wear up to eight rings at the same time.
You can use your tentacles to constrict eight enemies at once.
Your skin changes colour to match your surroundings (Stealth+).
Your rubbery body absorbs attacks. (AC +1, EV +1)


Message History

It was a potion of degeneration.
There was something very wrong with that liquid.
You feel weakened.
You feel dopey.
You feel clumsy.
It was a potion of might.
You feel very mighty all of a sudden.
* * * LOW HITPOINT WARNING * * *
You feel sick.
* * * LOW HITPOINT WARNING * * *
You feel sick.
There is an open door here.
You see here an adder corpse.
* * * LOW HITPOINT WARNING * * *
You feel sick.
* * * LOW HITPOINT WARNING * * *
You feel sick.
You see here 4 stones.
* * * LOW HITPOINT WARNING * * *
You feel sick.
Unknown command.
You die...

#.#####.#......#
#.##.......##
#.##........#
#.##.###†##.#
#....#....#....#
####.#....#.####
##.#....#.. .
#..#....#....
#..#..@.#....
##..######......
#...............
#.#.............
#.#..#.###......
#.#..#.# ......
#.##.#.###.#..#
#.##.#........#
#....)........#


There were no monsters in sight!

Vanquished Creatures
  2 adders (D:2)
  A dart slug (D:1)
  A leopard gecko (D:1)
  2 giant cockroaches
  4 goblins
  4 hobgoblins
  5 kobolds
  5 bats
  3 frilled lizards
  8 rats
35 creatures vanquished.

Notes
Turn   | Place    | Note
-------+----------+-------------------------------------------
     0 | D:1      | Azuregosa the Octopode Wizard began the quest for the Orb.
     0 | D:1      | Reached XP level 1. HP: 11/11 MP: 4/4
   382 | D:1      | Reached XP level 2. HP: 13/17 MP: 1/6
   875 | D:1      | Reached XP level 3. HP: 19/21 MP: 2/8
   880 | D:1      | Learned a level 3 spell: Mephitic Cloud
   884 | D:1      | Learned a level 3 spell: Conjure Flame
  1280 | D:2      | HP: 1/21 [poisoned by an adder]
  1283 | D:2      | Succumbed to an adder's poison

Skill      XL: |  1  2  3 |
---------------+----------+-----
Stealth        | 3 |  3.0
Dodging        | |  2.4
Spellcasting   | |  3.8
Conjurations   | |  1.8
Summonings     | |  1.0
Translocations | |  1.0

Action                   || total
-------------------------++-------
Melee: Unarmed           ||    17
       Constrict         ||     6
       Tentacles         ||     2
       Short sword       ||    16
 Fire: Hunting sling     ||    11
 Cast: Magic Dart        ||    67
  Use: Potion            ||     2
  Eat: Chunk             ||     1
Armor: Skin              ||    12
Dodge: Dodged            ||    50
